 Dungeon Crawl Stone Soup version 0.31-a0-521-gc7390f8997 (webtiles) character file.

Game seed: 4508534122622203790

485 CraigForest the Ruffian (level 6, -1/36 HPs)
             Began as a Vampire Shapeshifter on Aug 10, 2023.
             Was a Believer of Okawaru.
             Slain by a hornet (5 damage)
             ... on level 4 of the Dungeon.
             The game lasted 00:11:09 (3374 turns).

CraigForest the Ruffian (Vampire Shapeshifter)      Turns: 3374, Time: 00:11:10

Health: -1/36      AC:  6    Str: 16    XL:     6   Next: 88%
Magic:  6/6        EV: 12    Int: 11    God:    Okawaru [**....]
Gold:   58         SH:  0    Dex: 14    Spells: 5/5 levels left

rFire   . .          .
                       - Unarmed
rCold   . . .        (shield currently unavailable)
rNeg    . . .        u - +0 ring mail {rPois}
rPois   +            r - +0 helmet
rElec   .            h - scarf {repulsion}
rCorr   +            (no gloves)
SInv    +            (no boots)
Will    .....        (no amulet)
Stlth   +            t - ring of resist corrosion
HPRegen 0.46/turn    (no ring)
MPRegen 0.10/turn

%: repel missiles
@: flux-form, healing quickly, slowed, glowing, very slow
A: glow, contaminating, reduced hp, alive, fangs 3, see invisible, vampiric 2
a: Exsanguinate, Begin Untransformation, Renounce Religion, Heroism


You were on level 4 of the Dungeon.
You worshipped Okawaru.
Okawaru was pleased with you.
You were something dangerously unstable.
You visited 1 branch of the dungeon, and saw 4 of its levels.

You collected 191 gold pieces.
You spent 133 gold pieces at shops.

Inventory:

Missiles
 f - a throwing net
Armour
 a - a +0 animal skin
 h - a scarf of repulsion (worn)
 j - a +0 plate armour
 l - a +0 ring mail
 r - a +0 helmet (worn)
 u - a +0 ring mail of poison resistance (worn)
Jewellery
 q - a ring of ice
 t - a ring of resist corrosion (left hand)
Talismans
 c - a beast talisman
 d - a flux talisman (active)
Scrolls
 g - a scroll of identify
 i - a scroll of blinking {unknown}
 k - a scroll of summoning {unknown}
 n - 4 scrolls of poison
 s - a scroll of enchant weapon {unknown}
 v - a scroll of revelation {unknown}
Potions
 b - a potion of lignification
 e - 2 potions of heal wounds
 m - 3 potions of curing
 o - a potion of attraction
 p - 4 potions of brilliance


   Skills:
 + Level 2.0 Fighting
 + Level 1.7 Armour
 + Level 3.6 Dodging
 + Level 1.3 Stealth
 + Level 6.3 Unarmed Combat
 + Level 0.1 Invocations
 + Level 4.1 Shapeshifting


You had 5 spell levels left.
You didn't know any spells.
Your spell library contained the following spells:

 Spells                   Type           Power      Damage    Failure   Level
 Poisonous Vapours        Pois/Air       0%         N/A       69%         2
 Scorch                   Fire           0%         2d5       69%         2
 Freezing Cloud           Conj/Ice/Air   0%         6-21      100%        5
 Conjure Ball Lightning   Conj/Air       0%         3x3d6     100%        6


Dungeon Overview and Level Annotations

Branches:
Dungeon (4/15)
 Temple: D:4-7

Altars:
Cheibriados
Fedhas
Okawaru
Ru
Yredelemnul

Shops:
D:2 [   D:3 (


Innate Abilities, Weirdness & Mutations

You are something dangerously unstable.
You glow with magical radiation, making you easy to see and hit.
Foes you strike become dangerously contaminated with magical radiation.
Your maximum health is decreased, since you lack skill for your form.
You are incapable of wielding weapons or throwing items.
Your natural rate of healing is accelerated.
You have razor-sharp teeth.
You have supernaturally acute eyesight. (SInv)
You are afflicted with vampirism and can become a bat while bloodless.


Message History

You hit the adder.
The adder begins to glow.
The adder is lightly wounded.
The hornet stings you. The adder bites you but does no damage.
You hit the adder but do no damage.
The adder glows dangerously bright.
Your bite misses the adder.
The adder is lightly wounded.
The hornet barely misses you. The adder bites you but does no damage.
The hornet stings you!
You barely miss the adder.
The adder is lightly wounded.
The adder closely misses you. The hornet barely misses you.
You closely miss the adder.
The adder is lightly wounded.
The adder bites you. The hornet stings you!
* * * LOW HITPOINT WARNING * * *
You feel yourself slow down.
You are too injured to fight recklessly!
You are too injured to fight recklessly!
You are too injured to fight recklessly!
You are too injured to fight recklessly!
You are too injured to fight recklessly!
You are too injured to fight recklessly!
You are too injured to fight recklessly!
You are too injured to fight recklessly!
You are too injured to fight recklessly!
You are too injured to fight recklessly!
You are too injured to fight recklessly!
You are too injured to fight recklessly!
You are too injured to fight recklessly!
You are too injured to fight recklessly!
You closely miss the hornet. The hornet stings you.
* * * LOW HITPOINT WARNING * * *
The adder bites you but does no damage. The hornet stings you!
* * * LOW HITPOINT WARNING * * *
You feel as though you will be slow longer.
The adder bites you but does no damage. The hornet barely misses you.
You closely miss the hornet. The adder barely misses you.
The hornet stings you but does no damage.
The adder closely misses you. The hornet stings you.
You die...

####### .........# #....#.
.........### #....#. ...........#
#....#. ..........>#### #....#.
...............###....#.
......$!..#.##........#.
#.......S................
........B................
........y................
#..........#..............
########..........#.###..........
....#............................
.................#..####.#.<.....
....†.<............## #....##...
.............###..## ##...###..
...........### #..# ##.....#.


You could see a hornet and an adder (heavy contam).

Vanquished Creatures
  Sigmund (D:3)
  A howler monkey (D:4)
  2 orc priests (D:3)
  An iguana (D:4)
  Terence (D:3)
  6 adders
  A gnoll (D:1)
  An ufetubus (D:4)
  2 worms
  2 dart slugs (D:1)
  11 orcs
  5 bats
  9 endoplasms
  5 giant cockroaches
  10 goblins
  4 hobgoblins
  3 kobolds (D:1)
  6 quokkas
  5 ball pythons
  3 frilled lizards
  7 rats
86 creatures vanquished.

Notes
Turn   | Place    | Note
-------+----------+-------------------------------------------
     0 | D:1      | CraigForest the Vampire Shapeshifter began the quest for
                  | the Orb.
     0 | D:1      | Reached XP level 1. HP: 14/14 MP: 1/1
   145 | D:1      | Reached XP level 2. HP: 20/20 MP: 2/2
   325 | D:1      | Gained mutation: You are afflicted with vampirism and can
                  | become a bat while bloodless. [Vampire growth]
   325 | D:1      | Reached XP level 3. HP: 17/25 MP: 3/3
   683 | D:1      | Reached skill level 4 in Unarmed Combat
  1250 | D:2      | Found Nastilif's Antique Armour Shoppe.
  1680 | D:2      | Got the Lectures on the Hazy Pyre
  1686 | D:2      | Found a sacrificial altar of Ru.
  1688 | D:2      | Found a faded altar of an unknown god.
  1692 | D:2      | Reached XP level 4. HP: 31/31 MP: 4/4
  1929 | D:2      | Prayed at the altar of an unknown god.
  1929 | D:2      | Became a worshipper of Warmaster Okawaru
  1929 | D:2      | Reached * piety under Okawaru
  1963 | D:3      | Reached skill level 1 in Fighting
  2093 | D:3      | Reached skill level 1 in Stealth
  2178 | D:3      | Reached XP level 5. HP: 37/37 MP: 5/5
  2189 | D:3      | Noticed Terence
  2205 | D:3      | Killed Terence
  2339 | D:3      | Noticed Sigmund
  2351 | D:3      | Killed Sigmund
  2351 | D:3      | Reached ** piety under Okawaru
  2352 | D:3      | Reached skill level 1 in Armour
  2352 | D:3      | Reached skill level 5 in Unarmed Combat
  2352 | D:3      | Reached XP level 6. HP: 44/44 MP: 6/6
  2470 | D:3      | Found Taidink's Weapon Shoppe.
  2629 | D:3      | Found a blossoming altar of Fedhas.
  2641 | D:3      | Found a snail-covered altar of Cheibriados.
  2813 | D:2      | Bought a runed ring mail for 133 gold pieces
  2997 | D:4      | Found a basalt altar of Yredelemnul.
  3065 | D:4      | Reached skill level 6 in Unarmed Combat
  3363 | D:4      | Noticed a hornet
  3374 | D:4      | Slain by a hornet

Illustrated notes

Levels and vault maps discovered:
D:1:      dpeg_arrival_circle_labyrinth_b, layout_basic
D:2:      layout_loops_ring, basic_altar, basic_ecumenical_altar, serial_shops,
          shop
D:3:      layout_loops_ring, minitemple, serial_shops, shop, uniq_terence,
          uniq_sigmund
D:4:      layout_rooms, mainiacjoe_overflow_24_doors, lemuel_flame_loot_1

Skill      XL: |  1  2  3  4  5  6 |
---------------+-------------------+-----
Dodging        | 3 |  3.6
Unarmed Combat | 4 5 6 |  6.3
Fighting       | 1 2 |  2.0
Stealth        | 1 |  1.3
Armour         | 1 |  1.7
Shapeshifting  | 4 |  4.1
Invocations    | |  0.1

Action                     |  1- 3 |  4- 6 || total
---------------------------+-------+-------++-------
  Melee: Unarmed           |   100 |   166 ||   266
         Bite              |     8 |    12 ||    20
         Punch             |     2 |     4 ||     6
 Invoke: Heroism           |       |     1 ||     1
    Use: Scroll            |       |     5 ||     5
   Stab: Sleeping          |     1 |       ||     1
 Armour: Animal skin       |    14 |       ||    14
         Ring mail         |     9 |    45 ||    54
  Dodge: Dodged            |    44 |    91 ||   135
   Form: Flux              |       |     1 ||     1

Table legend: (Time is in decaauts)
 A = Elapsed time spent in this place.
 B = Non-inter-level travel time spent in this place.
 C = Inter-level travel time spent in this place.
 D = Time resting spent in this place.
 E = Time spent auto-exploring this place.
 F = Levels seen in this place.
 G = Mean time per level.
                   A        B        C        D        E       F      G
               +--------+--------+--------+--------+--------+-----+--------+
         Total |   3350 |   3137 |    213 |    100 |   2303 |   4 |  837.5 |
       Dungeon |   3350 |   3137 |    213 |    100 |   2303 |   4 |  837.5 |
               +--------+--------+--------+--------+--------+-----+--------+

Top non-repeatable levels by time:
     D:1: 1202 daAuts
     D:2: 882 daAuts
     D:3: 867 daAuts
     D:4: 398 daAuts
